cohdb
Replays
Latest Replays
All Replays
Popular Replays
Top Player Replays
Match Explorer
How It Works
Community
CoH3 Stats
Reddit
Sign in to upload your games and track your stats! →
Sign in with Steam
Match 40019415
Unlisted
Match 40019415
Overview
Messages
Build Orders
End
Panzerpioneer Squad
250 Light Carrier
Selects Panzerjäger Kommand Battlegroup
Selects Mine Fields
Panzergrenadier Squad
Construct Light Support Kompanie
Assault Grenadier Squad
Selects GrB 39 Grenade Launcher Requisition
Combat Half-tracks
Fire Support Elements
Vehicle Survival Package
2.5-tonne Medical Truck
Panzerjäger Mechanized Group
Construct Panzerarmee Kommand
Armored Reserves
Emergency Repair Kits
Selects Crew Shock Tactics
Panzer IV Assault Group
Tungsten Core Ammunition
Advanced Field Repairs
Selects Anti-tank Overwatch
Crew Shock Tactics
MG34 Team
Anti-tank Overwatch
엘비
2015044103
小妖
VleerPoezzz
CPU - VERY EASY
의사양반
0
0
Comments
sign in to comment!
No comments posted yet!